 Dungeon Crawl Stone Soup version 0.30-a0-168-g0b976cbdc4 (webtiles) character file.

Game seed: 16197975668934519736

205 qw the Chopper (level 5, -1/33 HPs)
             Began as a Gargoyle Fighter on Sept 29, 2022.
             Splashed by a jelly's acid (7 damage)
             ... on level 4 of the Dungeon.
             The game lasted 00:01:21 (3784 turns).

qw the Chopper (Gargoyle Fighter)                   Turns: 3784, Time: 00:01:22

Health: -1/33      AC:  0    Str: 20 (22) XL:     5   Next: 83%
Magic:  5/5        EV:  9    Int:  5 (8)  God:
Gold:   187        SH:  4    Dex:  6 (9)  Spells: 4/4 levels left

rFire   . . .      SeeInvis .    Y - +0 war axe
rCold   . . .      Faith    .    c - +0 buckler
rNeg    + . .      Spirit   .    b - +0 scale mail
rPois   inf        Reflect  .    (no helmet)
rElec   +          Harm     .    q - +0 cloak
rCorr   .          Rampage  .    (no gloves)
Will    +....                    (no boots)
Stlth   ..........               (no amulet)
HPRegen 0.11/turn                j - ring of willpower
MPRegen 0.09/turn                (no ring)

@: about to teleport, corroded
A: sickness immunity, AC +4, negative energy resistance 1, electricity
resistance, torment resistance 1, petrification resistance
a: no special abilities


You were on level 4 of the Dungeon.
You visited 1 branch of the dungeon, and saw 4 of its levels.

You collected 187 gold pieces.


Innate Abilities, Weirdness & Mutations

You are immune to sickness and miasma.
Your stone body is resilient. (AC +4)
You are immune to poison.
You resist negative energy. (rN+)
You are resistant to electric shocks. (rElec)
You are resistant to unholy torment.
You are immune to petrification.


   Skills:
 - Level 4.0 Fighting
 + Level 5.0 Axes
 - Level 3.2 Armour
 - Level 3.2 Shields


You had 4 spell levels left.
You didn't know any spells.
Your spell library was empty.

Inventory:

Hand Weapons
 o - a +0 flail
 Y - a +0 war axe (weapon)
Armour
 b - a +0 scale mail (worn)
 c - a +0 buckler (worn)
 q - a +0 cloak (worn)
Jewellery
 j - a ring of willpower (left hand)
Scrolls
 a - a scroll of identify
 i - a scroll of teleportation
Potions
 d - a potion of might
 e - a potion of curing
 h - a potion of heal wounds
 k - a potion of lignification {unknown}
 m - a potion of berserk rage {unknown}
 n - a potion of mutation {unknown}

Dungeon Overview and Level Annotations

Branches:
Dungeon (4/15)
 Temple: D:4-7

Altars:
Kikubaaqudgha

Annotations:
D:3 2 runed translucent doors, qw's ghost, amateur GrFi


Message History

The hound is moderately wounded.
The hound bites you but does no damage. x2
You closely miss the hound.
The hound is moderately wounded.
You hear the slow rusting of a very distant drain.
The hound bites you but does no damage. x2
You miss the hound.
The hound is moderately wounded.
The hound bites you but does no damage. You block the hound's attack.
You slash the hound!
You kill the hound!
You feel your strength returning.
Your Fighting skill increases to level 4!
You start resting.
HP restored.
A jelly comes into view.
You see here a scroll labelled USAQ ZOKODOIT.
Enter note: The jelly quivers.
You barely miss the jelly. The jelly barely misses you.
The jelly hits you but does no damage.
You hit the jelly but do no damage.
Your hands burn!
You block the jelly's attack.
You hit the jelly.
Your hands burn!
The jelly is lightly wounded.
The jelly hits you but does no damage.
You slash the jelly! The acid corrodes you!
Your hands burn!
The jelly is severely wounded.
The jelly hits you but does no damage.
You barely miss the jelly.
The jelly is severely wounded.
The jelly hits you but does no damage. x2
You hit the jelly but do no damage.
Your hands burn!
The jelly is severely wounded.
The jelly hits you. The acid corrodes you!
You are splashed with acid!
3784 ||| READING 2 scrolls of teleportation.
As you read the scroll of teleportation, it crumbles to dust.
You feel strangely unstable. The jelly hits you. The acid corrodes you!
You are splashed with acid!
You die...

...## ..# .... ... ##
#..##.# #.. .. #..##.#
# #$. ##. #..##.#
#.#..## .##...##..##.#
#.#...##
.......<%.##.#
#.....J##
.##(..###.##.#
#......@# #.. #.##.#
#......## #.#
#.##.##.# ###...## ..
#.<.....# #...# #
#.####.## #.#.### ..
#.# #.....######. #.##
#.........## #...
#.....###.##.# #..#
#............######..#


You could see a jelly.

Vanquished Creatures
  A hound (D:4)
  10 adders
  2 worms
  3 dart slugs
  An orc (D:3)
  9 endoplasms
  3 giant cockroaches (D:1)
  6 hobgoblins
  8 kobolds
  5 quokkas
  4 ball pythons
  6 bats
  3 frilled lizards
  9 goblins
  6 rats
76 creatures vanquished.

Notes
Turn   | Place    | Note
-------+----------+-------------------------------------------
     0 | D:1      | qw the Gargoyle Fighter began the quest for the Orb.
     0 | D:1      | Reached XP level 1. HP: 14/14 MP: 1/1
     0 | D:1      | 0 ||| qw: Version: 0.2-a-12-gaebbb33
     0 | D:1      | 0 ||| qw: Game counter: 1172
     0 | D:1      | 0 ||| qw: Always use a shield: true
     0 | D:1      | 0 ||| qw: God list: Okawaru
     0 | D:1      | 0 ||| qw: Allow faded altars: false
     0 | D:1      | 0 ||| qw: Do Orc after D:15 true
     0 | D:1      | 0 ||| qw: Do second Lair branch before Depths: true
     0 | D:1      | 0 ||| qw: Lair rune preference: random
     0 | D:1      | 0 ||| qw: Plans: Normal, Zot:1-4, God:TSO, Crypt, Tomb,
                  | Pan, Slime:5, Hells, Abyss, Orb
     0 | D:1      | 0 ||| PLANNING D:1-11
    14 | D:1      | Reached skill level 2 in Axes
   157 | D:1      | Reached XP level 2. HP: 18/19 MP: 2/2
   248 | D:1      | 248 ||| DROPPING +0 club.
   365 | D:1      | 365 ||| Stepping ~*~*~tactically~*~*~ (stealth).
   493 | D:1      | 493 ||| Stepping ~*~*~tactically~*~*~ (stealth).
   497 | D:1      | 497 ||| Stepping ~*~*~tactically~*~*~ (stealth).
   500 | D:1      | Reached skill level 3 in Axes
   519 | D:1      | Reached XP level 3. HP: 23/23 MP: 3/3
   654 | D:1      | 654 ||| Stepping ~*~*~tactically~*~*~ (stealth).
   708 | D:1      | 708 ||| DROPPING +0 mace.
   988 | D:1      | Found a faded altar of an unknown god.
  1094 | D:1      | 1094 ||| READING scroll labelled LYHUVU RIHEMY.
  1095 | D:1      | 1095 ||| READING 3 scrolls labelled TIAXUT WOVI.
  1096 | D:1      | 1096 ||| READING 2 scrolls labelled ZOERPH BAPRU.
  1100 | D:1      | 1100 ||| READING scroll labelled YNNUEF TAROA.
  1101 | D:1      | 1101 ||| DROPPING 2 scrolls of poison.
  1386 | D:2      | Reached XP level 4. HP: 26/28 MP: 4/4
  1526 | D:2      | 1526 ||| Stepping ~*~*~tactically~*~*~ (hiding).
  1620 | D:2      | 1620 ||| Stepping ~*~*~tactically~*~*~ (hiding).
  1628 | D:2      | Reached skill level 4 in Axes
  1680 | D:2      | 1680 ||| Stepping ~*~*~tactically~*~*~ (stealth).
  1694 | D:2      | 1694 ||| Stepping ~*~*~tactically~*~*~ (stealth).
  1695 | D:2      | 1695 ||| Stepping ~*~*~tactically~*~*~ (stealth).
  1725 | D:2      | 1725 ||| Stepping ~*~*~tactically~*~*~ (stealth).
  1727 | D:2      | 1727 ||| Stepping ~*~*~tactically~*~*~ (stealth).
  1742 | D:2      | 1742 ||| Stepping ~*~*~tactically~*~*~ (stealth).
  2108 | D:2      | 2108 ||| DRINKING 2 glowing grey potions.
  2109 | D:2      | 2109 ||| DROPPING potion of brilliance.
  2459 | D:3      | Reached XP level 5. HP: 32/32 MP: 5/5
  2508 | D:3      | Found a large runed translucent door.
  2508 | D:3      | Found a large runed translucent door.
  2536 | D:3      | Noticed qw's ghost (amateur GrFi)
  2612 | D:3      | 2612 ||| DROPPING +0 whip of flaming.
  2614 | D:3      | Found an ancient bone altar of Kikubaaqudgha.
  2629 | D:3      | 2629 ||| Stepping ~*~*~tactically~*~*~ (stealth).
  2652 | D:3      | Reached skill level 5 in Axes
  3475 | D:3      | 3475 ||| UPGRADING to +0 cloak.
  3480 | D:3      | 3480 ||| UPGRADING to ring of willpower.
  3481 | D:3      | 3481 ||| READING scroll labelled IVAERITOREO.
  3482 | D:3      | 3482 ||| READING scroll labelled DOEZUXKIGHA.
  3583 | D:3      | 3583 ||| READING scroll labelled AJYPAE HIDD.
  3640 | D:3      | 3640 ||| DRINKING 2 pink potions.
  3641 | D:3      | 3641 ||| DRINKING 2 sedimented brown potions.
  3642 | D:3      | 3642 ||| READING 2 scrolls of identify.
  3642 | D:3      | 3642 ||| IDENTIFYING puce potion
  3643 | D:3      | 3643 ||| DROPPING potion of degeneration.
  3652 | D:4      | 3652 ||| PLANNING SEWER
  3783 | D:4      | HP: 8/33 [acid (7)]
  3784 | D:4      | 3784 ||| READING 2 scrolls of teleportation.
  3784 | D:4      | Splashed by a jelly's acid

Levels and vault maps discovered:
D:1:      dpeg_arrival_morbid_curiosity, layout_basic,
          shapermc_ecumenical_altar_petra, st_stairs_4
D:2:      layout_loops_ring
D:3:      layout_basic, nicolae_overflow_crystal_walls,
          ebering_ghost_disaster_area
D:4:      layout_loops_ring, nicolae_uskayaw_en_pointe, portal_sewer_entry_d,
          serial_shops, nicolae_shop_bloodbath_and_beyond, uniq_grinder

Skill      XL: |  1  2  3  4  5 |
---------------+----------------+-----
Axes           | 2 3 4 5 |  5.0
Fighting       | 4 |  4.0
Armour         | |  3.2
Shields        | |  3.2

Action                   |  1- 3 |  4- 6 || total
-------------------------+-------+-------++-------
Melee: War axe           |   119 |   155 ||   274
  Use: Scroll            |     4 |     5 ||     9
       Potion            |       |     3 ||     3
Armor: Scale mail        |    66 |    91 ||   157
Dodge: Dodged            |    48 |    67 ||   115
Block: Buckler           |    17 |    25 ||    42

Table legend:
 A = Non-vault XP
 B = Vault XP
 C = Vault XP percentage of total XP
 D = Non-vault monster count
 E = Vault monster count
 F = Vault count percentage of total count
                 A         B        C        D         E       F
            +---------+---------+-------+---------+---------+-------
      Total |     281 |      13 |   4.4 |      68 |       8 |  10.5
            +---------+---------+-------+---------+---------+-------
        D:1 |      46 |      13 |  22.0 |      27 |       8 |  22.9
        D:2 |      69 |       0 |   0.0 |      19 |       0 |   0.0
        D:3 |     117 |       0 |   0.0 |      19 |       0 |   0.0
        D:4 |      49 |       0 |   0.0 |       3 |       0 |   0.0
            +---------+---------+-------+---------+---------+-------
